 Dungeon Crawl Stone Soup version 0.17-a0-1793-gcbb3aa1 (console) character file.

90 Illiel the Sneak (level 4, -4/27 HPs)
             Began as a High Elf Enchanter on Sept 10, 2015.
             Slain by Crazy Yiuf
             ... wielding a +3 quarterstaff of chaos
              (20 damage)
             ... on level 2 of the Dungeon.
             The game lasted 00:12:01 (2109 turns).

Illiel the Sneak (High Elf Enchanter)               Turns: 2109, Time: 00:12:01

Health: -4/27      AC:  3    Str:  7    XL:     4   Next: 32%
Magic:  8/8        EV: 13    Int: 18    God:
Gold:   187        SH:  0    Dex: 17    Spells: 3 memorised, 1 level left

rFire  . . .     SeeInvis .     a - +1 dagger
rCold  . . .     Clarity  .     b - +1 robe
rNeg   . . .     SustAt   .     (no shield)
rPois  .         Gourm    .     (no helmet)
rElec  .         Spirit   .     (no cloak)
rCorr  .         Warding  .     (no gloves)
rMut   .         Stasis   .     (no boots)
MR     .....                    (no amulet)
Stlth  +++.......               (no ring)
                                (no ring)

@: not resistant to hostile enchantments, fairly stealthy
A: no striking features
a: no special abilities


You were on level 2 of the Dungeon.
You were not hungry.

You visited 1 branch of the dungeon, and saw 2 of its levels.

You collected 187 gold pieces.

Inventory:

Hand weapons
 a - a +1 dagger (weapon)
Missiles
 f - 29 arrows
Armour
 b - a +1 robe (worn)
Jewellery
 l - an uncursed amulet of resist corrosion {unknown}
Scrolls
 e - 2 scrolls of remove curse {unknown}
 h - a scroll of random uselessness {unknown}
 i - a scroll of identify {unknown}
 n - a scroll of fog {unknown}
 q - a scroll of noise {unknown}
Potions
 g - 2 potions of might {unknown}
 j - a potion of invisibility {unknown}
 p - a potion of degeneration {unknown}
 r - a potion of heal wounds {unknown}
Books
 c - a book of Maledictions

   Spells                             Type                      Level
   a - Corona                         Hexes                        1
   b - Ensorcelled Hibernation        Hexes/Ice                    2
   c - Confuse                        Hexes                        3
   d - Tukima's Dance                 Hexes                        3
   e - Dazzling Spray                 Conjuration/Hexes            3
Comestibles
 d - 2 bread rations
 k - a slice of pizza
 m - 6 fruits


   Skills:
 * Level 3.7 Short Blades
 - Level 2.1 Dodging
 * Level 4.8 Stealth
 - Level 2.4 Spellcasting
 - Level 3.0 Hexes


You had one spell level left.
You knew the following spells:

 Your Spells              Type           Power        Failure   Level  Hunger
a - Corona                Hex            ##.....      6%          1    #......
i - Confuse               Hex            ##......     17%         3    ###....
j - Ensorcelled Hibernat  Hex/Ice        #.....       14%         2    ##.....


Dungeon Overview and Level Annotations

Branches:
Dungeon (2/15)

Altars:
Ru

Annotations:
D:2 Crazy Yiuf


Message History

The kobold looks drowsy...
The helpless kobold fails to defend itself.
You impale the kobold!!
You kill the kobold!
Things that are here:
a short sword; 2 stones; a kobold corpse You now have 187 gold pieces (gained 8).
g - 2 sapphire potions (gained 1) All of the chunks of flesh in your inventory have rotted away.
Found a mace.
Crazy Yiuf the Enlightened comes into view.
He is wielding a quarterstaff of chaos.
Casting: Ensorcelled Hibernation
Confirm with . or Enter, or press ? or * to list all spells.
You can't see any susceptible monsters within range! (Use Z to cast anyway.) Crazy Yiuf shouts!
Crazy Yiuf sings, "Trees, trees, trees, circus!"
Crazy Yiuf hits you with a quarterstaff of chaos!
You are electrocuted!
Ouch! That really hurt!
You die... ▒∙∙∙∙∙∙∙∙∙∙∙∙▒▒▒▒▒▒▒ ▒∙∙∙∙∙∙>∙∙∙∙∙∙∙∙)∙∙▒ ▒∙∙∙∙∙∙∙∙∙∙∙∙▒▒▒▒▒∙▒ ▒▒▒▒▒∙∙∙∙∙∙∙▒▒▒▒▒▒)▒▒▒ ▒▒∙∙∙∙∙∙∙∙∙∙∙∙∙∙∙∙∙∙ ▒∙∙∙∙▒▒▒▒∙▒▒▒▒▒▒∙▒▒▒ ▒▒∙∙▒▒ ▒∙▒ ▒∙∙ î∙∙∙∙î ▒∙∙ ▒▒∙ î∙î∙îî ▒▒ )[ îî∙îî ▒∙ î∙îî ∙∙ îî∙î ∙ î∙îî ∙ îî∙î

▒ ▒▒∙▒▒
▒▒▒▒▒
▒∙∙∙▒
▒∙∙∙∙
▒∙@∙▒ ▒
▒∙∙∙∙
▒∙g)▒
▒∙▒▒∙∙∙∙
▒▒▒▒▒
▒∙∙∙∙∙∙∙
▒▒▒▒∙∙∙∙
▒∙∙∙∙
▒∙∙∙∙
▒∙∙∙∙
▒▒▒▒∙∙∙∙
▒∙∙∙∙∙∙∙
▒∙▒▒▒▒∙▒
▒∙▒▒)∙∙∙
▒∙▒∙∙∙∙∙
▒∙▒∙∙∙∙∙
▒∙∙∙[∙▄∙
▒∙∙▒∙∙∙∙∙
▒∙∙▒∙∙∙∙∙
▒∙∙▒▒∙∙∙∙


You could see Crazy Yiuf.

Vanquished Creatures
  3 gnolls (D:2)
  2 adders (D:2)
  2 oozes
  10 bats
  A giant cockroach (D:1)
  9 goblins
  3 hobgoblins
  A jackal (D:2)
  A quokka (D:2)
  5 giant newts
  4 kobolds (D:2)
41 creatures vanquished.

Notes
Turn   | Place    | Note
--------------------------------------------------------------
     0 | D:1      | Illiel the High Elf Enchanter began the quest for the Orb.
     0 | D:1      | Reached XP level 1. HP: 11/11 MP: 4/4
   398 | D:1      | Reached XP level 2. HP: 9/17 MP: 3/6
   402 | D:1      | Learned a level 2 spell: Ensorcelled Hibernation
   565 | D:1      | Reached skill level 4 in Stealth
  1075 | D:2      | Reached XP level 3. HP: 9/21 MP: 0/7
  1279 | D:2      | Found a sacrificial altar of Ru.
  1855 | D:2      | Reached XP level 4. HP: 27/27 MP: 0/8
  1863 | D:2      | Learned a level 3 spell: Confuse
  2104 | D:2      | Noticed Crazy Yiuf
  2109 | D:2      | Slain by Crazy Yiuf

Vault maps used:
D:1:      dpeg_arrival_oval, minmay_misc_feat_cross, solitary_fountain,
          minmay_cut_off
D:2:      old_standard_altar, uniq_crazy_yiuf_cottage

Action                   |  1- 3 |  4- 6 || total
-------------------------+-------+-------++-------
Melee: Dagger            |    78 |     8 ||    86
 Cast: Corona            |     3 |       ||     3
       Ensorcelled Hiber |    20 |     2 ||    22
 Stab: Sleeping          |    22 |     7 ||    29
  Eat: Chunk             |     4 |     1 ||     5
